 Dungeon Crawl Stone Soup version 0.23.2-33-g5129a83184 (webtiles) character file.

Game seed: 1393949529496504698

25196 MalarOregon the Impaler (level 13, -8/108 HPs)
             Began as a Merfolk Skald on July 2, 2019.
             Was an Elder of the Shining One.
             Mangled by a five-headed hydra (12 damage)
             ... on level 11 of the Dungeon.
             The game lasted 00:46:19 (18771 turns).

MalarOregon the Impaler (Merfolk Skald)            Turns: 18771, Time: 00:46:20

Health: -8/108     AC: 15    Str: 12    XL:     13   Next: 18%
Magic:  0/17       EV: 16    Int: 20    God:    the Shining One [****..]
Gold:   552        SH:  0    Dex: 15    Spells: 14/18 levels left

rFire    . . .     SeeInvis .   B - +3 trident
rCold    . . .     Gourm    +   (no shield)
rNeg     + + .     Faith    .   A - +0 scale mail
rPois    .         Spirit   +   M - +0 helmet
rElec    .         Reflect  .   H - scarf {Spirit}
rCorr    .         Harm     .   (no gloves)
MR       .....                  a - +0 pair of boots
Stlth    ..........             G - amulet of the gourmand
HPRegen  0.28/turn              g - +6 ring of protection
MPRegen  0.15/turn              C - +5 ring of intelligence

@: glowing
A: change form in water, swift swim, stealthy swim
a: Divine Shield, Cleansing Flame, Renounce Religion


You were on level 11 of the Dungeon.
You worshipped the Shining One.
The Shining One was greatly pleased with you.
You were very full.

You visited 3 branches of the dungeon, and saw 15 of its levels.

You collected 768 gold pieces.
You spent 216 gold pieces at shops.

Inventory:

Hand Weapons
 t - the +6 dagger of Zeffiann {flame, rPois rC+ MR+ Dex-3}
   (You found it on level 4 of the Dungeon)

   It has been specially enchanted to burn those struck by it, causing extra
   injury to most foes and up to half again as much damage against particularly
   susceptible opponents.
   It affects your dexterity (-3).
   It protects you from cold.
   It protects you from poison.
   It affects your resistance to hostile enchantments.
 B - a +3 trident (weapon)
   (You found it on level 7 of the Dungeon)
 Q - a +2 vampiric bardiche {!w}
   (You took it off a vault guard on level 12 of the Dungeon)
Missiles
 y - 2 throwing nets (quivered) {!f}
Armour
 a - a +0 pair of boots (worn)
   (You found it on level 6 of the Dungeon)
 q - a +0 large shield
   (You found it on level 2 of the Dungeon)
 w - a +0 buckler
   (You took it off a gnoll sergeant on level 5 of the Dungeon)
 A - a +0 scale mail (worn)
   (You found it on level 2 of the Dungeon)
 H - a scarf of spirit shield (worn)
   (You found it on level 2 of the Dungeon)
 I - a scarf of cloud immunity
   (You found it on level 11 of the Dungeon)
 M - a +0 helmet (worn)
   (You found it on level 10 of the Dungeon)
Jewellery
 g - a +6 ring of protection (left hand)
   (You found it on level 1 of the Dungeon)
 k - an uncursed ring of positive energy
   (You found it on level 5 of the Dungeon)
 n - an uncursed ring of poison resistance
   (You found it on level 2 of the Dungeon)
 o - an uncursed ring of protection from cold
   (You found it on level 9 of the Dungeon)
 p - an uncursed ring of flight
   (You found it on level 2 of the Dungeon)
 C - a +5 ring of intelligence (right hand)
   (You found it on level 6 of the Dungeon)
 G - an amulet of the gourmand (around neck)
   (You found it on level 8 of the Dungeon)
Wands
 d - a wand of iceblast (22)
   (You bought it in a shop on level 7 of the Dungeon)
 m - a wand of clouds (5)
   (You found it on level 5 of the Dungeon)
 u - a wand of paralysis (25)
   (You found it on level 5 of the Dungeon)
 v - a wand of digging (4)
   (You found it on level 11 of the Dungeon)
 x - a wand of acid (5)
   (You found it on level 6 of the Dungeon)
Scrolls
 h - 8 scrolls of remove curse {@r2}
 i - a scroll of fear
 l - 3 scrolls of teleportation {@r4}
 F - a scroll of fog {unknown}
 J - a scroll of random uselessness {unknown}
 K - a scroll of summoning {unknown}
 L - 3 scrolls of identify {@r1}
 N - a scroll of torment {unknown}
 O - a scroll of immolation {unknown}
 R - a scroll of enchant armour {unknown}
Potions
 b - a potion of cancellation
 c - 2 potions of might
 f - 3 potions of flight
 j - 7 potions of curing {@q1}
 r - 2 potions of haste {@q3}
 s - 2 potions of lignification {!q}
 z - a potion of magic
 D - 4 potions of mutation {!q}
 E - a potion of brilliance
Comestibles
 e - 23 rations {!d}


   Skills:
 + Level 12.2 Fighting
 + Level 15.3 Polearms
 + Level 4.4 Armour
 + Level 14.2 Dodging
 - Level 3.0 Spellcasting
 - Level 4.0 Hexes
 - Level 5.0 Charms
 - Level 5.0 Invocations
 - Level 4.0 Evocations


You had 14 spell levels left.
You knew the following spells:

 Your Spells              Type           Power        Failure   Level  Hunger
a - Infusion              Chrm           ###.         9%          1    None
t - Spectral Weapon       Hex/Chrm       ###.....     30%         3    ###....

Your spell library contained the following spells:

 Spells                   Type           Power        Failure   Level  Hunger
 Song of Slaying          Chrm           ###.....     13%         2    ##.....
 Shroud of Golubria       Chrm/Tloc      ##........   34%         2    ##.....
 Regeneration             Chrm/Necr      ##........   56%         3    ###....


Dungeon Overview and Level Annotations

Branches:
Dungeon (13/15)            Temple (1/1) D:7            Lair (1/6) D:11
    Orc (0/2) D:12         Vaults (0/5) D:13

Altars:
Ashenzari
Cheibriados
Dithmenos
Elyvilon
Fedhas
Gozag
Hepliaklqana
Kikubaaqudgha
Makhleb
Nemelex Xobeh
Okawaru
Qazlal
Ru
Sif Muna
Trog
Uskayaw
Vehumet
Wu Jian
Xom
Yredelemnul
Zin
The Shining One

Shops:
D:6 [   D:7 *

Portals:
Trove: D:12 (give +2 storm dragon scales)

Annotations:
D:8 2 transporters, Erica
D:13 Rupert


Message History

The five-headed hydra bites you.
* * * LOW HITPOINT WARNING * * *
The five-headed hydra bites you but does no damage.
The five-headed hydra barely misses you.
The five-headed hydra bites you.
* * * LOW HITPOINT WARNING * * *
You puncture the five-headed hydra! The five-headed hydra misses you. x2
The five-headed hydra closely misses you.
The five-headed hydra bites you.
* * * LOW HITPOINT WARNING * * *
The five-headed hydra barely misses you.
Unknown command.
The five-headed hydra closely misses you.
The five-headed hydra bites you but does no damage.
The five-headed hydra bites you.
* * * LOW HITPOINT WARNING * * *
The five-headed hydra barely misses you.
The five-headed hydra bites you.
* * * LOW HITPOINT WARNING * * *
Things that are here:
a +0 robe; a cursed +0 morningstar; 8 javelins of returning
Items here: )) [[ a +0 robe; a cursed +1 flail; a +0 robe; a +4 flail of freezing
Aim: a five-headed hydra (heavily wounded, haloed)
The bolt of acid hits the five-headed hydra!
The five-headed hydra is splashed with acid.
The five-headed hydra bites you!
* * * LOW HITPOINT WARNING * * *
The five-headed hydra bites you but does no damage.
The five-headed hydra closely misses you.
The five-headed hydra misses you. The five-headed hydra bites you.
* * * LOW HITPOINT WARNING * * *
Aim: a five-headed hydra (severely wounded, haloed)
The bolt of acid misses the five-headed hydra.
The five-headed hydra bites you but does no damage.
The five-headed hydra bites you.
* * * LOW HITPOINT WARNING * * *
The five-headed hydra bites you but does no damage.
The five-headed hydra bites you!
* * * LOW HITPOINT WARNING * * *
The five-headed hydra bites you.
* * * LOW HITPOINT WARNING * * *
As you read the scroll of fear, it crumbles to dust.
You assume a fearsome visage.
The five-headed hydra easily resists.
The five-headed hydra bites you.
* * * LOW HITPOINT WARNING * * *
The five-headed hydra bites you. The Shining One protects you from harm!
The five-headed hydra bites you!
You die...

###########.# ###
#....#.##...###.# ##
#####..##.........###.
#.# #................#
#.###.#..............#
#.'#....##....#.......
###)..##.#...##.#.....
#[######....####.#.#
#[D@# ##.### ###..
############# ######
#........########.....
#........'......#...[.
#........#......#.....
#........#......#.....
#........#.^....#.....
#........#......#.....
###......#......#.....


You could see a five-headed hydra.

Vanquished Creatures
  Gastronok (D:10)
  Harold (D:11)
  A vault guard (D:12)
  2 hydras
  3 two-headed ogres
  3 unseen horrors
  An orc knight (D:13)
  A manticore (D:12)
  Joseph (D:10)
  A komodo dragon (D:11)
  5 trolls
  6 slime creatures (D:10)
  3 hippogriffs
  3 wyverns
  12 humans (D:13)
  11 yaks
  2 steam dragons
  Edmund (D:6)
  An acid dragon (D:11)
  3 water moccasins
  7 orc warriors
  5 ice beasts
  An eye of draining (D:11)
  6 sky beasts
  6 phantoms
  4 black bears
  12 centaurs
  9 ogres
  A necrophage (D:11)
  5 crocodiles
  A big kobold (D:12)
  7 bullfrogs
  A wyvern zombie (D:6)
  A gnoll sergeant (D:5)
  6 scorpions
  3 killer bees (D:8)
  10 wights
  2 howler monkeys (D:8)
  4 crimson imps
  A bullfrog zombie (D:10)
  A centaur zombie (D:7)
  5 jellies
  A bullfrog skeleton (D:4)
  4 centaur skeletons
  8 orc priests
  5 hounds
  11 orc wizards
  5 iguanas
  9 worker ants
  2 killer bee zombies
  A hound zombie (D:5)
  A hound skeleton (D:8)
  2 worker ant zombies
  8 gnolls
  A howler monkey skeleton (D:11)
  13 adders
  3 shadow imps
  2 adder zombies
  3 worms (D:3)
  5 dart slugs
  10 leopard geckos
  56 orcs
  7 bats
  6 giant cockroaches
  4 goblins
  6 hobgoblins
  13 jackals
  16 kobolds
  9 quokkas
  A ball python (D:7)
  A ball python skeleton (D:4)
  3 frilled lizards
  A giant cockroach zombie (D:5)
  A jackal skeleton (D:4)
  A leopard gecko skeleton (D:4)
  2 quokka skeletons
  7 rats
388 creatures vanquished.

Vanquished Creatures (others)
  A swamp drake (D:12)
  An orc wizard (D:12)
  An adder (D:11)
  13 plants
16 creatures vanquished.

Grand Total: 404 creatures vanquished

Notes
Turn   | Place    | Note
-------+----------+-------------------------------------------
     0 | D:1      | MalarOregon the Merfolk Skald began the quest for the Orb.
     0 | D:1      | Reached XP level 1. HP: 16/16 MP: 3/3
   272 | D:1      | Reached XP level 2. HP: 23/23 MP: 5/5
   413 | D:1      | Reached XP level 3. HP: 28/28 MP: 6/6
   612 | D:1      | Reached skill level 4 in Polearms
  1541 | D:2      | Reached XP level 4. HP: 14/35 MP: 7/7
  2183 | D:3      | HP: 1/35 [orc wizard/magic dart (7)]
  2601 | D:3      | Reached XP level 5. HP: 41/41 MP: 8/8
  2710 | D:3      | Reached skill level 5 in Polearms
  3611 | D:4      | Noticed a phantom
  3763 | D:3      | Reached skill level 5 in Dodging
  3769 | D:3      | Reached XP level 6. HP: 39/48 MP: 6/9
  3806 | D:3      | Killed a phantom
  3806 | D:3      | Reached skill level 6 in Polearms
  4226 | D:4      | Reached XP level 7. HP: 12/55 MP: 3/10
  4539 | D:4      | Reached skill level 5 in Fighting
  5084 | D:4      | Reached skill level 7 in Polearms
  5341 | D:4      | Got a crude dagger
  5537 | D:5      | Entered Level 5 of the Dungeon
  5748 | D:5      | Reached XP level 8. HP: 39/64 MP: 7/11
  5940 | D:5      | Reached skill level 8 in Polearms
  6773 | D:5      | Found a hazy altar of Hepliaklqana.
  6773 | D:5      | Found an iron altar of Okawaru.
  6786 | D:5      | Found a shimmering altar of Xom.
  6787 | D:5      | Found an opulent altar of Gozag.
  6787 | D:5      | Found a stormy altar of Qazlal.
  6787 | D:5      | Found a sacrificial altar of Ru.
  6787 | D:5      | Found an ancient bone altar of Kikubaaqudgha.
  6788 | D:5      | Found a blossoming altar of Fedhas.
  6789 | D:5      | Found an ornate altar of the Wu Jian Council.
  6790 | D:5      | Found a basalt altar of Yredelemnul.
  7025 | D:5      | Reached skill level 9 in Polearms
  7484 | D:6      | Noticed Edmund
  7631 | D:6      | Reached XP level 9. HP: 38/72 MP: 7/12
  7803 | D:6      | Noticed a troll
  7969 | D:6      | Found Pexkuel's Armour Shoppe.
  8023 | D:6      | Killed a troll
  8023 | D:6      | Reached skill level 10 in Polearms
  8237 | D:6      | Killed Edmund
  8647 | D:7      | Found Epacled's Assorted Antiques.
  8678 | D:7      | Reached skill level 10 in Dodging
  8693 | D:7      | Bought an iron wand for 108 gold pieces
  8693 | D:7      | Bought a wand of iceblast (9) for 108 gold pieces
  8731 | D:7      | Found a staircase to the Ecumenical Temple.
  8765 | Temple   | Entered the Ecumenical Temple
  9062 | Temple   | Became a worshipper of the Shining One
  9137 | D:7      | Reached skill level 11 in Polearms
  9414 | D:7      | Reached XP level 10. HP: 47/83 MP: 9/13
  9739 | D:8      | Noticed Erica
  9782 | D:8      | Reached * piety under the Shining One
  9794 | D:8      | Found a transporter.
  9794 | D:8      | Noticed a gargoyle
  9800 | D:8      | Noticed a tengu warrior
  9854 | D:8      | Reached skill level 12 in Polearms
 10077 | D:8      | Found a transporter.
 10716 | D:9      | Found a shattered altar of Ashenzari.
 10812 | D:9      | Reached ** piety under the Shining One
 10875 | D:9      | Reached skill level 10 in Fighting
 11717 | D:9      | Identified the +6 dagger of Zeffiann {flame, rPois rC+ MR+
                  | Dex-3} (You found it on level 4 of the Dungeon)
 11827 | D:9      | Reached skill level 13 in Polearms
 11905 | D:9      | Noticed an unseen horror
 11913 | D:9      | Killed an unseen horror
 11913 | D:9      | Reached XP level 11. HP: 75/92 MP: 10/14
 12020 | D:10     | Entered Level 10 of the Dungeon
 12138 | D:10     | Reached skill level 1 in Armour
 12435 | D:10     | Learned a level 3 spell: Spectral Weapon
 12453 | D:10     | Noticed Gastronok
 12488 | D:10     | Killed Gastronok
 12488 | D:10     | Reached skill level 1 in Hexes
 12488 | D:10     | Reached skill level 1 in Invocations
 12488 | D:10     | Reached skill level 1 in Evocations
 12551 | D:10     | Noticed Joseph
 12571 | D:10     | Killed Joseph
 12787 | D:10     | Noticed an unseen horror
 12797 | D:10     | Killed an unseen horror
 12850 | D:10     | Reached *** piety under the Shining One
 12868 | D:10     | HP: 1/93 [very large slime creature (50)]
 13613 | D:10     | Reached skill level 14 in Polearms
 14741 | D:11     | Noticed Harold
 14767 | D:11     | Noticed a five-headed hydra
 14773 | D:11     | Noticed a six-headed hydra
 14802 | D:11     | Reached XP level 12. HP: 70/100 MP: 11/16
 15115 | D:11     | Found a staircase to the Lair.
 15302 | D:11     | Killed a six-headed hydra
 15348 | D:10     | Killed a five-headed hydra
 15348 | D:10     | Reached skill level 5 in Charms
 15863 | D:11     | Killed Harold
 16282 | D:12     | You fall through a shaft!
 16409 | D:13     | Found a gate to the Vaults.
 16409 | D:13     | Noticed a two-headed ogre
 16420 | D:13     | Killed a two-headed ogre
 16462 | D:13     | Reached **** piety under the Shining One
 16508 | D:13     | Noticed a centaur warrior
 16508 | D:13     | Noticed Rupert
 16538 | D:12     | Noticed a two-headed ogre
 16628 | D:12     | Killed a two-headed ogre
 16902 | D:12     | Found a staircase to the Orcish Mines.
 17016 | D:12     | Noticed a vault guard
 17046 | D:12     | Killed a vault guard
 17256 | D:12     | Found a portal to a secret trove of treasure.
 17489 | D:12     | Reached XP level 13. HP: 104/108 MP: 15/17
 17502 | D:12     | Reached skill level 15 in Polearms
 17502 | D:12     | Reached skill level 5 in Invocations
 18281 | Lair:1   | Entered Level 1 of the Lair of Beasts
 18771 | D:11     | HP: 4/108 [five-headed hydra (2)]
 18771 | D:11     | The Shining One protects you from harm!
 18771 | D:11     | Mangled by a five-headed hydra

Skill      XL: |  1  2  3  4  5  6  7  8  9 10 11 12 13 |
---------------+----------------------------------------+-----
Dodging        | 3 4 5 7 8 10 12 13 14 | 14.2
Polearms       | 4 5 6 7 9 11 13 14 15 | 15.3
Fighting       | 3 4 5 7 9 10 11 12 | 12.2
Armour         | 2 4 |  4.4
Hexes          | 2 4 |  4.0
Invocations    | 2 4 5 |  5.0
Evocations     | 2 4 |  4.0
Charms         | 4 5 |  5.0
Spellcasting   | 3 |  3.0

Action                   |  1- 3 |  4- 6 |  7- 9 | 10-12 | 13-15 || total
-------------------------+-------+-------+-------+-------+-------++-------
Melee: Spear             |   203 |   486 |   800 |   443 |       ||  1932
       Tailslap          |       |       |     2 |       |       ||     2
       Trident           |       |       |       |   826 |   149 ||   975
Invok: Divine Shield     |       |       |       |     2 |       ||     2
Evoke: Wand              |       |       |       |     5 |     2 ||     7
  Use: Scroll            |     1 |     3 |     7 |     8 |     1 ||    20
       Potion            |       |     2 |     1 |     2 |       ||     5
 Stab: Sleeping          |     1 |       |       |       |       ||     1
  Eat: Chunk             |       |     8 |    14 |    44 |     3 ||    69
       Ration            |       |     1 |     1 |       |       ||     2
Armor: Leather armour    |    36 |       |       |       |       ||    36
       Scale mail        |    15 |   182 |   203 |   217 |    48 ||   665
       Skin              |       |       |       |     6 |       ||     6
Dodge: Dodged            |   105 |   189 |   243 |   483 |   123 ||  1143
Block: Other             |       |       |       |     2 |       ||     2
